Match 27594977
Unlisted

Match 27594977
End
Construct Infanterie Kompanie
Selects Italian Coastal Battlegroup
Selects Coastal Reserves
Coastal Reserve
MG 42 Machine Gun Team
Sniper
MG 42 Bunker
Construct Luftwaffe Kompanie
Jäger Squad
Medical Bunker
Flak 30 Anti-aircraft Gun Team
Selects Support Bunkers
Selects Designated Artillery Overwatch
Construct Panzer Kompanie
Selects Bulwark
Panzer IV Medium Tank
Selects Artillery Officer
Pioneer Squad
MG 42 Bunker
Panzer IV Medium Tank
Side Skirts
resonanc3
Dr. Goodplay
RAFALE
ixo4567
S1L
Friendly Mouse(Poxie)
neurotypical cattle
Flylover
0
0

Comments sign in to comment!

No comments posted yet!